 Dungeon Crawl Stone Soup version 0.30-a0-715-gdb4ae3ece1 (webtiles) character file.

Game seed: 994844618534261677

53 wormed the Cruncher (level 3, -4/31 HPs)
             Began as a Gnoll Wanderer on Jan 23, 2023.
             Slain by a gnoll
             ... wielding a +0 halberd
              (8 damage)
             ... on level 2 of the Dungeon.
             The game lasted 00:01:20 (835 turns).

wormed the Cruncher (Gnoll Wanderer)                 Turns: 835, Time: 00:01:20

Health: -4/31      AC:  4    Str: 10    XL:     3   Next: 87%
Magic:  7/7        EV: 11    Int: 10    God:
Gold:   76         SH:  0    Dex: 15    Spells: 7/7 levels left

rFire   . . .      SeeInvis .    a - +3 quarterstaff
rCold   . . .      Faith    .    (shield currently unavailable)
rNeg    . . .      Spirit   .    d - +0 leather armour
rPois   .          Reflect  .    (no helmet)
rElec   .          Harm     .    i - +0 cloak
rCorr   +          Rampage  .    (no gloves)
Will    .....                    (no boots)
Stlth   +                        (no amulet)
HPRegen 0.25/turn                f - ring of resist corrosion
MPRegen 0.10/turn                (no ring)

@: no status effects
A: fangs 1, strong nose, distributed training
a: no special abilities


You were on level 2 of the Dungeon.
You visited 1 branch of the dungeon, and saw 2 of its levels.

You collected 76 gold pieces.

Inventory:

Hand Weapons
 a - a +3 quarterstaff (weapon)
 b - a +0 falchion
Armour
 d - a +0 leather armour (worn)
 i - a +0 cloak (worn)
Jewellery
 f - a ring of resist corrosion (left hand)
Scrolls
 c - a scroll of fog
 e - a scroll of identify {unknown}
 h - a scroll of butterflies {unknown}
 j - a scroll of teleportation {unknown}
 k - a scroll of enchant armour {unknown}
Potions
 g - a potion of curing
 l - a potion of resistance {unknown}


   Skills:
 + Level 4.6 Fighting
 + Level 1.0 Short Blades
 + Level 4.6 Long Blades
 + Level 1.0 Axes
 + Level 1.0 Maces & Flails
 + Level 1.0 Polearms
 + Level 8.5 Staves
 + Level 1.0 Ranged Weapons
 + Level 1.0 Throwing
 + Level 2.7 Armour
 + Level 1.0 Dodging
 + Level 1.0 Stealth
 + Level 1.0 Shields
 + Level 1.0 Unarmed Combat
 + Level 2.9 Spellcasting
 + Level 0.7 Conjurations
 + Level 0.7 Hexes
 + Level 0.7 Summonings
 + Level 0.7 Necromancy
 + Level 0.7 Translocations
 + Level 0.7 Transmutations
 + Level 0.7 Fire Magic
 + Level 0.7 Ice Magic
 + Level 0.7 Air Magic
 + Level 0.7 Earth Magic
 + Level 0.7 Poison Magic
 + Level 1.1 Invocations
 + Level 1.0 Evocations


You had 7 spell levels left.
You didn't know any spells.
Your spell library was empty.

Dungeon Overview and Level Annotations

Branches:
Dungeon (2/15)

Altars:


Innate Abilities, Weirdness & Mutations

You have very sharp teeth.
Your uncanny sense of smell can sniff out nearby items.
Your experience applies equally to all skills.


Message History

You are too injured to fight recklessly!
You are too injured to fight recklessly!
You are too injured to fight recklessly!
You are too injured to fight recklessly!
You are too injured to fight recklessly!
You are too injured to fight recklessly!
You are too injured to fight recklessly!
You are too injured to fight recklessly!
You are too injured to fight recklessly!
You are too injured to fight recklessly!
You are too injured to fight recklessly!
You are too injured to fight recklessly!
You are too injured to fight recklessly!
You are too injured to fight recklessly!
You are too injured to fight recklessly!
You are too injured to fight recklessly!
You are too injured to fight recklessly!
You are too injured to fight recklessly!
You are too injured to fight recklessly!
You are too injured to fight recklessly!
You are too injured to fight recklessly!
You are too injured to fight recklessly!
You are too injured to fight recklessly!
You are too injured to fight recklessly!
You are too injured to fight recklessly!
You are too injured to fight recklessly!
You closely miss the gnoll. The gnoll closely misses you.
The gnoll hits you but does no damage.
The gnoll hits you from afar with a +0 halberd!
* * * LOW HITPOINT WARNING * * *
It was a potion of curing.
You feel better. The gnoll hits you with a +0 whip.
* * * LOW HITPOINT WARNING * * *
The gnoll hits you with a +0 halberd.
* * * LOW HITPOINT WARNING * * *
The gnoll barely misses you.
You feel better. The gnoll hits you with a +0 whip.
The gnoll hits you with a +0 halberd.
* * * LOW HITPOINT WARNING * * *
The gnoll hits you from afar with a +0 halberd!
You die...

.........#
#########.)#
##.##.##.#
..............# #
##.#...##
...#########..##.#
##...## ....#
#........ ###.#
#...# ####....##..
#.#
#..>###......## .
#.###
#g...(.....###
#...# #g#.###.##.#
.. ###.# #@#.#
#.##.# #. #.#
#g#.###.##.# #.
#.# #........>.#
#. #.#
#.#..†....## #.
#.# #.#.###.#.# #.
#.# #.#.#
#.#.#######. #.#
#.#.# #.#.........
#.# #.#.#
#.#########. #.#
#.#.# #.#.## #.


You could see 3 gnolls.

Vanquished Creatures
  A gnoll (D:2)
  An adder (D:2)
  A worm (D:2)
  A bat (D:1)
  3 endoplasms
  2 goblins (D:1)
  A hobgoblin (D:1)
  4 jackals (D:1)
  6 kobolds
  7 ball pythons
  A frilled lizard (D:1)
  A rat (D:1)
29 creatures vanquished.

Notes
Turn   | Place    | Note
-------+----------+-------------------------------------------
     0 | D:1      | wormed the Gnoll Wanderer began the quest for the Orb.
     0 | D:1      | wormed set off with the following items: a +3 quarterstaff,
                  | a +0 falchion, a scroll of fog, a +0 leather armour.
     0 | D:1      | Reached XP level 1. HP: 20/20 MP: 4/4
   152 | D:1      | Reached XP level 2. HP: 26/26 MP: 5/5
   305 | D:1      | Found a faded altar of an unknown god.
   339 | D:1      | You fall into a shaft and drop 1 floor!
   358 | D:2      | Reached XP level 3. HP: 16/31 MP: 7/7
   373 | D:2      | Reached skill level 1 in Invocations
   830 | D:2      | Reached skill level 1 in Short Blades
   830 | D:2      | Reached skill level 1 in Axes
   830 | D:2      | Reached skill level 1 in Maces & Flails
   830 | D:2      | Reached skill level 1 in Polearms
   830 | D:2      | Reached skill level 1 in Ranged Weapons
   830 | D:2      | Reached skill level 1 in Throwing
   830 | D:2      | Reached skill level 1 in Dodging
   830 | D:2      | Reached skill level 1 in Stealth
   830 | D:2      | Reached skill level 1 in Shields
   830 | D:2      | Reached skill level 1 in Unarmed Combat
   830 | D:2      | Reached skill level 1 in Evocations
   833 | D:2      | HP: 1/31 [gnoll/+0 halberd (11)]
   835 | D:2      | Slain by a gnoll

Illustrated notes

Levels and vault maps discovered:
D:1:      lightli_arrival_boilingwater, layout_basic,
          chequers_ecumenical_altar_simple_redux
D:2:      layout_loops_ring

Skill      XL: |  1  2  3 |
---------------+----------+-----
Invocations    | 1 |  1.1
Short Blades   | 1 |  1.0
Axes           | 1 |  1.0
Maces & Flails | 1 |  1.0
Polearms       | 1 |  1.0
Ranged Weapons | 1 |  1.0
Throwing       | 1 |  1.0
Dodging        | 1 |  1.0
Stealth        | 1 |  1.0
Shields        | 1 |  1.0
Unarmed Combat | 1 |  1.0
Evocations     | 1 |  1.0
Fighting       | |  4.6
Long Blades    | |  4.6
Staves         | |  8.5
Armour         | |  2.7
Spellcasting   | |  2.9
Conjurations   | |  0.7
Hexes          | |  0.7
Summonings     | |  0.7
Necromancy     | |  0.7
Translocations | |  0.7
Transmutations | |  0.7
Fire Magic     | |  0.7
Ice Magic      | |  0.7
Air Magic      | |  0.7
Earth Magic    | |  0.7
Poison Magic   | |  0.7

Action                     || total
---------------------------++-------
  Melee: Quarterstaff      ||    60
         Bite              ||     4
    Use: Potion            ||     2
 Armour: Leather armour    ||    15
  Dodge: Dodged            ||    38

Table legend: (Time is in decaauts)
 A = Elapsed time spent in this place.
 B = Non-inter-level travel time spent in this place.
 C = Inter-level travel time spent in this place.
 D = Time resting spent in this place.
 E = Time spent auto-exploring this place.
 F = Levels seen in this place.
 G = Mean time per level.
                   A        B        C        D        E       F      G
               +--------+--------+--------+--------+--------+-----+--------+
         Total |    828 |    828 |      0 |      0 |    665 |   2 |  414.0 |
       Dungeon |    828 |    828 |      0 |      0 |    665 |   2 |  414.0 |
               +--------+--------+--------+--------+--------+-----+--------+

Top non-repeatable levels by time:
     D:2: 491 daAuts
     D:1: 336 daAuts
